 Dungeon Crawl Stone Soup version 0.29-a0-416-g83a48905f1 (webtiles) character file.

Game seed: 17745291600959225159

10717 dolemite99 the Carver (level 11, -6/79 HPs)
             Began as a Djinni Chaos Knight on May 17, 2022.
             Was a Plaything of Xom.
             Killed from afar by a gargoyle (16 damage)
             ... with a stone arrow
             ... on level 11 of the Dungeon.
             The game lasted 00:15:19 (13788 turns).

dolemite99 the Carver (Djinni Chaos Knight)        Turns: 13788, Time: 00:15:20

Health: -6/79      AC: 16    Str:  9 (13) XL:     11   Next: 98%
Gold:   245        EV:  9    Int: 15      God:    Xom [....*.] SH: 11 Dex: 18 (21)

rFire   + + .      SeeInvis +   a - +5 long sword "Tifif" {chaos, Dex+3 SInv}
rCold   . . .      Faith    .   N - +0 kite shield {AC+3}
rNeg    . . .      Spirit   .   I - +0 chain mail
rPois   ∞          Reflect  .   (helmet restricted)
rElec   .          Harm     .   q - +0 cloak
rCorr   .          Rampage  .   B - +1 pair of gloves
Will    +....                   (boots unavailable)
Stlth   ..........              (no amulet)
HPRegen 0.23/turn               z - +4 ring of evasion
MPRegen 0.00/turn               r - ring of protection from cold {=R}

@: flying
A: sickness immunity, fire resistance 2, cold vulnerability 1, float, innate
caster, HP casting, extra vitality 1, beak, claws 1, agile 1, clever 1,
deterioration 2, mutation resistance 1, sturdy frame 1, noise suppression
a: Renounce Religion


You were on level 11 of the Dungeon.
You worshipped Xom.
You were a beloved toy of Xom.
You visited 1 branch of the dungeon, and saw 11 of its levels.
You also visited: Ossuary.

You collected 406 gold pieces.
You spent 161 gold pieces at shops.

Inventory:

Hand Weapons
 a - the +5 long sword "Tifif" (weapon) {chaos, Dex+3 SInv}
   (Xom gifted it to you on level 7 of the Dungeon)

   Each time it hits an enemy it has a different, random effect.
   Dex:       It affects your dexterity (+3).
   SInv:      It lets you see invisible.
 b - a +1 short sword of holy wrath
 f - a +4 spectral falchion
 k - a +0 hunting sling
Missiles
 d - 293 stones
 g - 20 poisoned darts (quivered)
 l - 3 atropa-tipped darts
 u - 3 throwing nets
Armour
 q - a +0 cloak (worn)
 B - a +1 pair of gloves (worn)
 I - a +0 chain mail (worn)
 N - a +0 kite shield of protection (worn)
Jewellery
 r - a ring of protection from cold (right hand) {=R}
 z - a +4 ring of evasion (left hand)
 L - a ring of wizardry
 M - the ring of Seerug {rN++ Str+6}
   (You found it on level 8 of the Dungeon)

   [ring of strength]

   Str:       It affects your strength (+6).
   rN:        It greatly protects you from negative energy.
Wands
 j - a wand of digging (5)
 w - a wand of iceblast (5)
 H - a wand of flame (27)
Scrolls
 e - a scroll of fear
 i - 4 scrolls of poison
 s - a scroll of identify {@r1}
 D - a scroll of magic mapping
Potions
 h - a potion of resistance
 n - 3 potions of magic
 p - 2 potions of ambrosia {unknown}
 t - 2 potions of cancellation
 v - 2 potions of mutation {unknown}
 A - 2 potions of degeneration {unknown}
 C - a potion of attraction
 F - 4 potions of brilliance
 J - 2 potions of might {unknown}
Miscellaneous
 c - a piece from Xom's chessboard (15/15)


   Skills:
 - Level 7.2 Fighting
 - Level 12.7 Long Blades
 + Level 6.2 Armour
 - Level 2.1 Dodging
 - Level 8.0 Shields


You couldn't memorise any spells.
You knew the following spells:

 Your Spells              Type           Power      Damage    Failure   Level
a - Apportation           Tloc           0%         N/A       100%        1
b - Poisonous Vapours     Pois/Air       0%         N/A       100%        2
c - Inner Flame           Hex/Fire       0%         N/A       100%        3
d - Portal Projectile     Hex/Tloc       0%         N/A       100%        3
e - Anguish               Hex/Necr       0%         N/A       100%        4
Your spell library was empty.


Dungeon Overview and Level Annotations

Branches:
Dungeon (11/15)            Temple (0/1) D:5            Lair (0/6) D:9
    Orc (0/2) D:10        Ossuary (visited)

Altars:
Dithmenos
Ru
Vehumet
Wu Jian
Xom
Yredelemnul
Zin
The Shining One

Shops:
D:9 [

Annotations:
D:4 3 runed translucent doors, xian's ghost, amateur GnBe


Innate Abilities, Weirdness & Mutations

You are immune to sickness and miasma.
You are immune to poison.
Your flesh is very heat resistant. (rF++)
You are vulnerable to cold. (rC-)
You float through the air rather than walking.
You learn spells naturally, not from books.
Your magical power is your life essence.
You have superior vitality. (+4 MHP)
You have a beak for a mouth.
You have sharp fingernails.
You are agile. (Dex +2)
Your mind is acute. (Int +2)
Your body often deteriorates upon taking damage.
You are somewhat resistant to further mutation.
Your movements are slightly less encumbered by armour. (ER -2)
You passively dampen the noise of your surroundings.


Message History

2 yaks come into view.
Found a helmet.
As you read the scroll of blinking, it crumbles to dust.
The yak bellows!
A yak comes into view.
Okay, then.
Blink to where?
Press: ? - help, Dir - move target A gargoyle and a centaur come into view.
As you read the scroll of blinking, it crumbles to dust.
The centaur shouts!
You hear an angry hiss.
You hear an angry hiss.
The centaur wields a +0 shortbow.
The centaur shoots an arrow.
The arrow hits you but does no damage.
You hear an angry hiss.
You feel a bit more experienced.
You feel your intelligence returning.
Your Armour skill increases to level 6!
Unknown command.
Okay, then.
As you read the scroll of fog, it crumbles to dust.
The scroll dissolves into smoke.
The centaur shoots an arrow.
You block the arrow.
A centaur opens the door.
You block the gargoyle's attack.
The centaur unwields a +0 shortbow.
The centaur barely misses you.
The centaur kicks you but does no damage.
As you read the scroll of fear, it crumbles to dust.
You assume a fearsome visage.
The gargoyle is unaffected.
The centaur looks frightened!
The unseen horror resists with some effort.
The yak looks frightened! x2; You block the gargoyle's attack.
You slash the gargoyle!
The gargoyle suddenly seems more agile.
The gargoyle is heavily damaged.
The unseen horror hits you but does no damage.
The gargoyle hurls a stone arrow at you.
The stone arrow hits you!
You die...
Xom bursts into laughter!

#.....# . #.....# .. #.....#
... #.....# ...... #.....#
.##..###### ####'###### #
..........########.......## .
............#§§§+.........# ..
##......##YY9@§§#.........#
..###......###§x#####.#####..#
.###....[...###Y..###.########
.##§..####...##.......')...#
###..######..###......#....#
##$.##...}##..##..##..##'###
##..##....##..##.####+##)#
##..##....##..##..#......#
##!.##C..)##..##..#......#


You could see 2 yaks, an unseen horror (invisible) and a gargoyle (agile).

Vanquished Creatures
  A boulder beetle (D:11)
  2 two-headed ogres
  Nergalle (D:11)
  A wolf spider (D:11)
  A manticore (D:11)
  Joseph (D:7)
  A gargoyle (D:11)
  A komodo dragon (D:9)
  A troll (D:9)
  A hornet (D:8)
  Prince Ribbit (D:5)
  2 shadows
  A wyvern (D:7)
  16 yaks
  A wraith (D:11)
  Menkaure (D:7)
  2 acid dragons (D:10)
  2 ice beasts
  An orc warrior (D:9)
  An ogre (D:7)
  4 centaurs
  A phantom (D:4)
  A kobold brigand (D:7)
  A bullfrog (D:9)
  A gnoll sergeant (D:11)
  10 scorpions
  7 killer bees
  A howler monkey (D:6)
  2 gnoll shamans
  2 human zombies (Ossuary)
  A centaur zombie (Ossuary)
  A jelly (D:7)
  6 orc priests
  2 hounds
  An iguana (D:4)
  Crazy Yiuf (D:7)
  4 scorpion zombies (Ossuary)
  6 orc wizards
  3 mummies (Ossuary)
  14 gnolls
  7 adders
  A white imp (D:8)
  An ufetubus (D:4)
  A worm (D:4)
  2 dart slugs
  25 orcs
  6 endoplasms
  4 giant cockroaches
  A gnoll zombie (Ossuary)
  8 goblins
  6 hobgoblins
  4 jackals (D:3)
  17 kobolds
  5 quokkas
  8 ball pythons
  3 bats
  5 frilled lizards
  2 goblin zombies (Ossuary)
  5 hobgoblin zombies (Ossuary)
  A jackal zombie (D:7)
  3 kobold zombies
  2 orc zombies (Ossuary)
  5 rats
230 creatures vanquished.

Vanquished Creatures (collateral kills)
  A dart slug (D:4)
1 creature vanquished.

Vanquished Creatures (others)
  A goblin (D:1)
  A fungus (D:7)
  12 plants
14 creatures vanquished.

Grand Total: 245 creatures vanquished

Notes
Turn   | Place    | Note
-------+----------+-------------------------------------------
     0 | D:1      | dolemite99 the Djinni Chaos Knight began the quest for the
                  | Orb.
     0 | D:1      | Reached XP level 1. HP: 20/20 MP: 0/0
    71 | D:1      | Reached skill level 3 in Long Blades
    82 | D:1      | Reached XP level 2. HP: 18/25 MP: 0/0
   113 | D:1      | XOM: silly message
   198 | D:1      | HP: 1/25 [hobgoblin (3)]
   320 | D:1      | XOM: silly message
   491 | D:1      | XOM: divination: detect items
   928 | D:1      | Reached XP level 3. HP: 28/30 MP: 0/0
   928 | D:1      | Learned a level 1 spell: Apportation
  1136 | D:1      | XOM: 2-stop teleportation journey
  1382 | D:2      | XOM: 4-stop teleportation journey
  1621 | D:2      | XOM: confuse monster(s)
  1645 | D:2      | Reached skill level 4 in Long Blades
  1725 | D:2      | Reached XP level 4. HP: 33/35 MP: 0/0
  2065 | D:2      | XOM: silly message
  2506 | D:3      | Found a glowing silver altar of Zin.
  2506 | D:3      | XOM: 5-stop teleportation journey
  2533 | D:3      | XOM: cloud trail
  2908 | D:4      | Reached XP level 5. HP: 32/40 MP: 0/0
  2908 | D:4      | Learned a level 2 spell: Poisonous Vapours
  2983 | D:4      | Noticed a phantom
  2988 | D:4      | XOM: scenery: summon butterflies
  3035 | D:4      | Found a runed translucent gate.
  3036 | D:4      | Found a runed translucent gate.
  3039 | D:4      | Found a runed translucent gate.
  3044 | D:4      | XOM: polymorph ball python -> giant cockroach
  3056 | D:5      | Entered Level 5 of the Dungeon
  3330 | D:5      | Reached skill level 5 in Long Blades
  3439 | D:5      | XOM: give mutations
  3439 | D:5      | Gained mutation: You have sharp fingernails. [Xom's grace]
  3439 | D:5      | Gained mutation: You are agile. (Dex +2) [Xom's grace]
  3439 | D:5      | Gained mutation: Your spells are a little harder to cast,
                  | but a little more powerful. [Xom's grace]
  3892 | D:4      | XOM: confuse monster(s)
  3893 | D:4      | XOM: smoke on damage
  3898 | D:4      | Reached XP level 6. HP: 39/46 MP: 0/0
  3968 | D:4      | XOM: enchant monster (good)
  3969 | D:4      | XOM: enchant monster (good)
  3971 | D:4      | Reached skill level 6 in Long Blades
  3983 | D:4      | Noticed an ice beast
  4002 | D:4      | Noticed xian's ghost (amateur GnBe)
  4056 | D:4      | XOM: god gift: kite shield {god gift}
  4461 | D:4      | XOM: scenery: create altars
  4675 | D:5      | XOM: cloud trail
  4749 | D:5      | Reached skill level 7 in Long Blades
  4749 | D:5      | Reached XP level 7. HP: 17/50 MP: 0/0
  4749 | D:5      | Learned a level 3 spell: Inner Flame
  5157 | D:5      | Noticed Prince Ribbit
  5159 | D:5      | XOM: enchant monster (good)
  5196 | D:5      | Killed Prince Ribbit
  5211 | D:5      | Found a staircase to the Ecumenical Temple.
  5373 | D:6      | XOM: polymorph scorpion -> hound
  5374 | D:6      | Reached skill level 8 in Long Blades
  5384 | D:6      | Reached XP level 8. HP: 55/56 MP: 0/0
  5447 | D:6      | XOM: smoke on damage
  5689 | D:6      | Identified a scroll of acquirement
  5689 | D:6      | Acquired a ring of protection from cold
  5868 | D:6      | XOM: stat loss: -1 Int (12/13)
  6126 | D:7      | XOM: stealth player
  6179 | D:7      | XOM: summons friendly ufetubus
  6184 | D:7      | Reached skill level 9 in Long Blades
  6193 | D:7      | Found a sacrificial altar of Ru.
  6227 | D:7      | Found a runed translucent door.
  6228 | D:7      | Noticed Crazy Yiuf
  6298 | D:7      | Found a sand-covered staircase.
  6317 | Ossuary  | Entered an ossuary
  6326 | Ossuary  | XOM: confuse monster(s)
  6356 | Ossuary  | XOM: fog
  6551 | Ossuary  | XOM: polymorph scorpion -> worm
  6557 | Ossuary  | Reached skill level 10 in Long Blades
  6557 | Ossuary  | Reached XP level 9. HP: 57/60 MP: 0/0
  6557 | Ossuary  | Learned a level 3 spell: Portal Projectile
  6557 | Ossuary  | XOM: polymorph worm -> killer bee
  6913 | Ossuary  | XOM: scenery: 2 doors close
  7047 | D:7      | XOM is BORED!
  7047 | D:7      | XOM: summons 5 hostile demons
  7050 | D:7      | XOM: smoke on damage
  7159 | D:7      | Noticed Joseph
  7159 | D:7      | XOM: summons friendly quasit
  7178 | D:7      | Killed Joseph
  7179 | D:7      | Reached skill level 11 in Long Blades
  7334 | D:7      | Noticed Menkaure
  7334 | D:7      | XOM: 1-stop teleportation journey
  7336 | D:7      | Identified the +5 long sword "Tifif" {flame, Dex+3 SInv}
                  | (Xom gifted it to you on level 7 of the Dungeon)
  7336 | D:7      | XOM: god gift: +5 long sword "Tifif" {chaos, Dex+3 SInv}
  7337 | D:7      | Killed Menkaure
  7651 | D:7      | XOM: noise
  8074 | D:7      | Noticed a two-headed ogre
  8080 | D:7      | Killed a two-headed ogre
  8081 | D:7      | Reached skill level 12 in Long Blades
  8081 | D:7      | Reached XP level 10. HP: 67/67 MP: 0/0
  8398 | D:7      | Killed Crazy Yiuf
  8694 | D:8      | XOM: summons 7 friendly demons
  9077 | D:8      | Identified the ring of Seerug {rN++ Str+6}
  9155 | D:8      | Noticed a death knight
  9231 | D:8      | XOM: cast spell 'Summon Horrible Things'
  9502 | D:8      | XOM: fake destruction
  9505 | D:8      | XOM: smoke on damage
  9514 | D:8      | Reached skill level 5 in Armour
  9626 | D:9      | Found Metiezuz's Armour Shop.
  9807 | D:9      | Bought a +0 kite shield of protection for 161 gold pieces
  9831 | D:9      | XOM: confuse monster(s)
  9866 | D:9      | Reached skill level 1 in Shields
  9934 | D:9      | XOM: divination: detect creatures
  9936 | D:9      | XOM: chaos upgrade
  9940 | D:9      | XOM: confuse monster(s)
 10060 | D:9      | Found a large runed translucent door.
 10060 | D:9      | Found a large runed translucent door.
 10175 | D:9      | Reached skill level 5 in Shields
 10183 | D:9      | Reached XP level 11. HP: 24/71 MP: 0/0
 10183 | D:9      | Learned a level 4 spell: Anguish
 10812 | D:9      | XOM: god gift: potion of brilliance
 10826 | D:9      | Found a glowing golden altar of the Shining One.
 10926 | D:9      | XOM: give mutations
 10926 | D:9      | Gained mutation: Your mind is acute. (Int +2) [Xom's
                  | mischief]
 10926 | D:9      | Gained mutation: Your body sometimes deteriorates upon
                  | taking damage. [Xom's mischief]
 10926 | D:9      | Gained mutation: You are frail. (-10% HP) [Xom's mischief]
 10926 | D:9      | Gained mutation: You passively dampen the noise of your
                  | surroundings. [Xom's mischief]
 10985 | D:9      | Found a staircase to the Lair.
 11133 | D:9      | XOM: summons 2 hostile demons
 11302 | D:9      | XOM: give mutations
 11302 | D:9      | Gained mutation: Your body often deteriorates upon taking
                  | damage. [Xom's mischief]
 11302 | D:9      | Lost mutation: Your spells are a little harder to cast, but
                  | a little more powerful. [Xom's mischief]
 11467 | D:9      | Found an ornate altar of the Wu Jian Council.
 11479 | D:9      | Found a basalt altar of Yredelemnul.
 11520 | D:10     | Entered Level 10 of the Dungeon
 11609 | D:10     | Found a staircase to the Orcish Mines.
 11663 | D:10     | XOM: swap monsters
 11680 | D:10     | XOM: smoke on damage
 11707 | D:10     | XOM: give mutations
 11707 | D:10     | Lost mutation: You are frail. (-10% HP) [Xom's mischief]
 11707 | D:10     | Gained mutation: Armour fits poorly on your strangely
                  | shaped body. [Xom's mischief]
 11707 | D:10     | Lost mutation: Armour fits poorly on your strangely shaped
                  | body. [Xom's mischief]
 11726 | D:10     | XOM: noise
 11856 | D:9      | XOM: silly message
 12060 | D:9      | XOM: cloud trail
 12220 | D:10     | XOM: divination: detect items
 12774 | D:10     | Found a shadowy altar of Dithmenos.
 12777 | D:10     | XOM: scenery: 1 doors close
 13017 | D:11     | Noticed a boulder beetle
 13035 | D:11     | Killed a boulder beetle
 13036 | D:11     | Reached skill level 5 in Fighting
 13041 | D:11     | Noticed Nergalle
 13050 | D:11     | Noticed a spectral orc warlord
 13055 | D:11     | Killed Nergalle
 13219 | D:11     | XOM: cloud trail
 13351 | D:11     | XOM: summons friendly shadow imp
 13611 | D:11     | XOM: give mutations
 13611 | D:11     | Gained mutation: You have a beak for a mouth. [Xom's grace]
 13611 | D:11     | Gained mutation: You are somewhat resistant to further
                  | mutation. [Xom's grace]
 13611 | D:11     | Gained mutation: Your movements are slightly less
                  | encumbered by armour. (ER -2) [Xom's grace]
 13622 | D:11     | Noticed a manticore
 13623 | D:11     | Noticed a two-headed ogre
 13626 | D:11     | Killed a manticore
 13628 | D:11     | XOM: potion effect (brilliance)
 13633 | D:11     | Killed a two-headed ogre
 13720 | D:11     | Noticed a wolf spider
 13735 | D:11     | Noticed a cyclops
 13771 | D:11     | XOM: 3-stop teleportation journey
 13773 | D:11     | XOM: confuse monster(s)
 13783 | D:11     | Killed a wolf spider
 13788 | D:11     | Killed from afar by a gargoyle

Illustrated notes

Levels and vault maps discovered:
D:1:      nicolae_arrival_washed_ashore, layout_basic, lemuel_old_faithful
D:2:      layout_loops_cross, kennysheep_nub
D:3:      layout_basic, mainiacjoe_overflow_small_starburst
D:4:      layout_loops_ring, gammafunk_ghost_icy
D:5:      layout_loops_ring, temple_statues, uniq_prince_ribbit1
D:6:      layout_rooms
D:7:      layout_loops_ring, nicolae_ru_the_path_less_chosen, enter_ossuary_3,
          chequers_serial_rivers_room_a, uniq_menkaure, uniq_joseph,
          uniq_crazy_yiuf_cottage
D:8:      layout_cave_pods, mainiacjoe_overflow_surrounded_room,
          nicolae_vehumet_altar_sigil, nemelex_spade_bored_becter,
          minmay_orc_keep
D:9:      layout_loops_cross, nicolae_tso_carved_into_rock,
          jmf_multi_god_temple2, david_lair_shrubbed, serial_shops, shop
D:10:     layout_rooms, grunt_dithmenos_shadows, orc_0_dummy,
          roderic_serpentine_path
D:11:     layout_gridville, portal_ice_cave_demonic_guard,
          hellmonk_ghost_happy_afterlife, gauntlet_entry_generic,
          minmay_mirror_moons_of_madness, uniq_nergalle

Skill      XL: |  1  2  3  4  5  6  7  8  9 10 11 |
---------------+----------------------------------+-----
Long Blades    | 3 4 5 7 8 10 12 | 12.7
Armour         | 5 6 |  6.2
Shields        | 5 8 |  8.0
Fighting       | 7 |  7.2
Dodging        | |  2.1

Action                   |  1- 3 |  4- 6 |  7- 9 | 10-12 || total
-------------------------+-------+-------+-------+-------++-------
Melee: Falchion          |   113 |   116 |   170 |       ||   399
       Punch             |       |     1 |       |     2 ||     3
       Long sword        |       |       |    35 |   315 ||   350
       Peck              |       |       |       |     4 ||     4
Throw: Dart              |       |       |       |    11 ||    11
Evoke: Piece from Xom's  |    15 |       |       |       ||    15
       Wand              |       |       |     2 |     3 ||     5
  Use: Potion            |     3 |       |     5 |     1 ||     9
       Scroll            |     3 |     4 |    13 |    10 ||    30
 Stab: Confused          |       |     1 |     1 |     4 ||     6
       Distracted        |       |     1 |     4 |       ||     5
       Sleeping          |       |       |     1 |       ||     1
       Petrified         |       |       |       |     3 ||     3
       Paralysed         |       |       |       |     2 ||     2
Armor: Leather armour    |    25 |       |       |       ||    25
       Skin              |     4 |       |       |       ||     4
       Scale mail        |    12 |    60 |    60 |    10 ||   142
       Ring mail         |     7 |       |       |       ||     7
       Chain mail        |       |       |       |    94 ||    94
Dodge: Dodged            |    93 |    62 |   145 |   115 ||   415
Block: Kite shield       |       |       |       |   156 ||   156

Table legend: (Time is in decaauts)
 A = Elapsed time spent in this place.
 B = Non-inter-level travel time spent in this place.
 C = Inter-level travel time spent in this place.
 D = Time resting spent in this place.
 E = Time spent auto-exploring this place.
 F = Levels seen in this place.
 G = Mean time per level.
                   A        B        C        D        E       F      G
               +--------+--------+--------+--------+--------+-----+--------+
         Total |  13749 |  13274 |    475 |   4656 |   6173 |  12 | 1145.8 |
       Dungeon |  13085 |  12610 |    475 |   4383 |   6026 |  11 | 1189.5 |
       Ossuary |    663 |    663 |      0 |    273 |    147 |   1 |  663.0 |
               +--------+--------+--------+--------+--------+-----+--------+

Top non-repeatable levels by time:
     D:9: 2225 daAuts
     D:7: 2102 daAuts
     D:5: 1570 daAuts
     D:1: 1428 daAuts
    D:10: 964 daAuts
    D:11: 962 daAuts
     D:4: 899 daAuts
     D:6: 755 daAuts
     D:2: 745 daAuts
     D:3: 741 daAuts
     D:8: 691 daAuts
 Ossuary: 663 daAuts
